 Seeded DCSS version 0.29.1-12-g30fa7ad0bf (webtiles) character file.

Game seed: 3467139861098030199 (custom seed)

13793 purpskrrrp the Protected (level 12, 0/99 HPs)
             Began as a Formicid Fighter on Jan 13, 2023.
             Was a High Priest of Nemelex Xobeh.
             Slain by an 11-headed hydra (4 damage)
             ... on level 11 of the Dungeon.
             The game lasted 00:27:30 (10341 turns).

purpskrrrp the Protected (Formicid Fighter)        Turns: 10341, Time: 00:27:30

Health: 0/99       AC: 43    Str: 36    XL:     12   Next: 37%
Magic:  21/21      EV:  7    Int:  8    God:    Nemelex Xobeh [*****.]
Gold:   369        SH:  0    Dex:  8    Spells: 11/11 levels left

rFire   . . .      SeeInvis +   S - +0 battleaxe (vamp)
rCold   + + +      Faith    .   (no shield)
rNeg    + + +      Spirit   .   t - +13 crystal plate armour of the Devil's Team {rPois rC+ rN+++ Dex-5}
rPois   +          Reflect  .   (helmet unavailable)
rElec   +          Harm     .   n - +1 cloak
rCorr   .          Rampage  .   v - +0 pair of gloves
Will    +....                   F - +1 pair of boots of the Archfiend {rF+ Str+3}
Stlth   ..........              (no amulet)
HPRegen 0.26/turn               L - ring "Ivoiblyev" {rElec rC+ MP+9 Str+3 SInv}
MPRegen 0.17/turn               A - ring of Plog {Ice rElec Str+4}

@: mighty, studying Unarmed Combat
A: permanent stasis, dig shafts and tunnels, antennae 3, four strong arms
a: Dig, Shaft Self, Renounce Religion, Draw Escape, Draw Destruction, Draw
Summoning, Triple Draw, Deal Four, Stack Five


You were on level 11 of the Dungeon.
You worshipped Nemelex Xobeh.
Nemelex Xobeh was extremely pleased with you.
You visited 1 branch of the dungeon, and saw 11 of its levels.

You collected 692 gold pieces.
You spent 323 gold pieces at shops.

Inventory:

Hand Weapons
 a - a +1 spectral war axe
 S - a +0 vampiric battleaxe (weapon)
Missiles
 m - 3 boomerangs of dispersal
 E - 18 poisoned darts
Armour
 b - a +0 scale mail
 c - a +0 buckler
 n - a +1 cloak (worn)
 t - the +13 crystal plate armour of the Devil's Team (worn) {rPois rC+ rN+++ Dex-5}
   (You found it on level 4 of the Dungeon)

   Dex:       It affects your dexterity (-5).
   rC:        It protects you from cold.
   rPois:     It protects you from poison.
   rN:        It renders you almost immune to negative energy.
 v - a +0 pair of gloves (worn)
 F - the +1 pair of boots of the Archfiend (worn) {rF+ Str+3}
   (You bought it in a shop on level 7 of the Dungeon)

   Str:       It affects your strength (+3).
   rF:        It protects you from fire.
 J - a +0 pair of boots
Jewellery
 u - a ring of protection from fire
 w - a ring of magical power
 y - a ring of fire
 A - the ring of Plog (right hand) {Ice rElec Str+4}
   (You found it on level 3 of the Dungeon)

   [ring of ice]

   It enhances your ice magic.
   Str:       It affects your strength (+4).
   rF:        It makes you vulnerable to fire.
   rC:        It protects you from cold.
   rElec:     It insulates you from electricity.
 D - a +6 ring of intelligence
 I - a ring of ice
 L - the ring "Ivoiblyev" (left hand) {rElec rC+ MP+9 Str+3 SInv}
   (You found it on level 7 of the Dungeon)

   [ring of see invisible]

   Str:       It affects your strength (+3).
   rC:        It protects you from cold.
   rElec:     It insulates you from electricity.
   MP:        It affects your magic capacity (+9).
   SInv:      It lets you see invisible.
 Q - a ring of positive energy
Wands
 B - a wand of quicksilver (2)
 C - a wand of paralysis (7)
 G - a wand of flame (29)
 H - a wand of digging (6)
 M - a wand of mindburst (22)
Scrolls
 i - a scroll of fear
 j - 2 scrolls of poison
 p - a scroll of brand weapon
 r - 4 scrolls of vulnerability
 z - a scroll of immolation
 K - a scroll of amnesia
 O - 2 scrolls of identify
 P - 2 scrolls of torment
Potions
 e - a potion of heal wounds
 f - 5 potions of attraction
 g - 2 potions of haste
 h - 10 potions of curing
 k - 2 potions of brilliance
 l - a potion of berserk rage {unknown}
 o - 2 potions of degeneration {unknown}
 q - a potion of lignification {unknown}
 s - 3 potions of invisibility
 x - a potion of cancellation {unknown}
 N - 2 potions of magic
 R - a potion of flight {unknown}


   Skills:
 + Level 10.8 Fighting
 * Level 9.7 Axes
 * Level 14.6 Armour
 + Level 7.1 Shields


You had 11 spell levels left.
You didn't know any spells.
Your spell library contained the following spells:

 Spells                   Type           Power      Damage    Failure   Level
 Gell's Gravitas          Tloc           0%         N/A       100%        3
 Ignite Poison            Fire/Tmut/Pois 0%         N/A       100%        3
 Lesser Beckoning         Tloc           0%         N/A       100%        3
 Mephitic Cloud           Conj/Pois/Air  0%         N/A       100%        3
 Portal Projectile        Hex/Tloc       0%         N/A       100%        3
 Teleport Other           Tloc           0%         N/A       100%        3
 Tukima's Dance           Hex            0%         N/A       100%        3
 Blade Hands              Tmut           0%         N/A       100%        5
 Freezing Cloud           Conj/Ice/Air   0%         6-21      100%        5
 Irradiate                Conj/Tmut      0%         3d11      100%        5
 Manifold Assault         Tloc           0%         N/A       100%        5
 Dispersal                Tloc           0%         N/A       100%        6
 Dragon Form              Tmut           0%         N/A       100%        7
 Storm Form               Tmut/Air       0%         N/A       100%        7
 Blink                    Tloc           Unusable   N/A       N/A         2

Dungeon Overview and Level Annotations

Branches:
Dungeon (11/15)            Temple (0/1) D:6            Lair (0/5) D:8
    Orc (0/2) D:10

Altars:
Elyvilon
Nemelex Xobeh
Qazlal
Ru
Trog
Wu Jian

Shops:
D:2 [   D:7 [!(*


Innate Abilities, Weirdness & Mutations

You cannot be hasted, slowed, berserked, paralysed or teleported.
You can dig through walls and to a lower floor.
You have a pair of large antennae on your head. (SInv)
Your four strong arms can wield two-handed weapons with a shield.


Message History

The 11-headed hydra barely misses you.
The 11-headed hydra bites you but does no damage. x3
The 11-headed hydra closely misses you.
The 11-headed hydra bites you but does no damage. x5
The 11-headed hydra attacks as you move away!
The 11-headed hydra bites you.
The 11-headed hydra bites you but does no damage.
The 11-headed hydra closely misses you. The 11-headed hydra bites you!
* * * LOW HITPOINT WARNING * * *
The 11-headed hydra bites you but does no damage.
The 11-headed hydra completely misses you.
The 11-headed hydra barely misses you.
The 11-headed hydra bites you but does no damage. x4
You feel very mighty all of a sudden.
The 11-headed hydra bites you but does no damage. x4
The 11-headed hydra closely misses you.
The 11-headed hydra bites you but does no damage. x2
The 11-headed hydra barely misses you.
The 11-headed hydra bites you but does no damage. x2
The 11-headed hydra bites you.
* * * LOW HITPOINT WARNING * * *
You feel much better.
The 11-headed hydra bites you but does no damage. x2
The 11-headed hydra bites you! x2
* * * LOW HITPOINT WARNING * * *
The 11-headed hydra bites you but does no damage. x5
The 11-headed hydra bites you!
* * * LOW HITPOINT WARNING * * *
The 11-headed hydra bites you but does no damage.
As you read the scroll of fear, it crumbles to dust.
You assume a fearsome visage.
The 11-headed hydra resists with some effort.
The 11-headed hydra bites you!
* * * LOW HITPOINT WARNING * * *
The 11-headed hydra bites you but does no damage. x3
The 11-headed hydra closely misses you.
The 11-headed hydra bites you but does no damage.
The 11-headed hydra bites you.
You die...
Your body glows with a rainbow of weird colours and disappears.

#######.## ####........
#...# #........#.# #...#
#.##.##..#.# #...#
#.##.......#
#...####.#####..###
#......(..#...../#
######.).####..#.#....#
.....))).......#D#..#.#
...........(.#.#@#......
...............#.#.##.###
.####..........#.#.# .#
#.###.######.... # #. #.#
##..# #. .# .# #. .# .#


You could see a 11-headed hydra.

Vanquished Creatures
  The ghost of sanboga the Cleaver, a journeyman MiBe of Trog (D:9)
  A centaur warrior (D:8)
  A two-headed ogre (D:8)
  The ghost of sigtrap the Covert, a novice KoBr of Wu Jian (D:7)
  A deep elf pyromancer (D:9)
  Pikel (D:7)
  A manticore (D:8)
  An ugly thing (D:9)
  A gargoyle (D:11)
  An unseen horror (D:8)
  5 hornets
  A troll (D:8)
  Prince Ribbit (D:7)
  4 wyverns
  3 wraiths
  Eustachio (D:5)
  9 yaks
  3 steam dragons
  Menkaure (D:6)
  A water moccasin (D:7)
  4 orc warriors
  3 ice beasts
  A black bear (D:4)
  2 sky beasts
  2 ogres
  2 wolves (D:8)
  6 centaurs
  A lemure (D:7)
  3 kobold brigands
  3 phantoms
  Blork the orc (D:6)
  8 bullfrogs
  2 necrophages
  A scorpion (D:5)
  4 killer bees (D:7)
  5 electric eels (D:8)
  2 howler monkeys (D:8)
  5 jellies
  9 orc priests
  9 hounds
  Ijyb (D:5)
  6 iguanas
  9 orc wizards
  7 gnolls
  7 adders
  A shadow imp (D:7)
  5 white imps
  2 ufetubi
  2 worms
  7 dart slugs
  28 orcs
  An endoplasm (D:3)
  8 giant cockroaches
  5 goblins
  8 hobgoblins
  7 quokkas
  3 ball pythons
  7 bats
  6 frilled lizards
  17 kobolds
  8 rats
257 creatures vanquished.

Vanquished Creatures (others)
  A lemure (D:7)
  An orc wizard (D:8)
  A white imp (D:7)
  4 withered plants
7 creatures vanquished.

Grand Total: 264 creatures vanquished

Notes
Turn   | Place    | Note
-------+----------+-------------------------------------------
     0 | D:1      | purpskrrrp the Formicid Fighter began the quest for the
                  | Orb.
     0 | D:1      | Reached XP level 1. HP: 18/18 MP: 1/1
   161 | D:1      | Reached XP level 2. HP: 24/24 MP: 2/2
   472 | D:1      | Reached XP level 3. HP: 29/29 MP: 3/3
   505 | D:1      | Reached skill level 4 in Armour
   722 | D:1      | Found a faded altar of an unknown god.
   880 | D:1      | Prayed at the altar of an unknown god.
   880 | D:1      | Became a worshipper of Nemelex Xobeh the Trickster
   880 | D:1      | Reached * piety under Nemelex Xobeh
   880 | D:1      | Received a gift from Nemelex Xobeh
  1258 | D:2      | Found Kateynok's Antique Armour Boutique.
  1318 | D:2      | Reached XP level 4. HP: 35/37 MP: 4/4
  1542 | D:2      | You fall into a shaft and drop 2 floors!
  1813 | D:4      | Received a gift from Nemelex Xobeh
  1813 | D:4      | Reached ** piety under Nemelex Xobeh
  1886 | D:4      | Reached skill level 5 in Armour
  1886 | D:4      | Reached XP level 5. HP: 35/42 MP: 5/5
  2119 | D:4      | Identified the +13 crystal plate armour of the Devil's Team
                  | {rPois rC+ rN+++ Dex-5}
  2260 | D:4      | Reached XP level 6. HP: 47/49 MP: 6/6
  2746 | D:4      | Noticed a black bear
  2757 | D:4      | Killed a black bear
  2955 | D:3      | Reached skill level 6 in Armour
  3024 | D:3      | Received a gift from Nemelex Xobeh
  3241 | D:3      | Found a sacrificial altar of Ru.
  3297 | D:3      | Identified the ring of Plog {Ice rElec Str+4}
  3412 | D:3      | Reached XP level 7. HP: 47/55 MP: 7/7
  3816 | D:5      | Entered Level 5 of the Dungeon
  3822 | D:5      | Noticed Eustachio
  3830 | D:5      | Killed Eustachio
  3831 | D:5      | Reached skill level 5 in Fighting
  3840 | D:5      | Reached skill level 7 in Armour
  3858 | D:5      | Reached XP level 8. HP: 61/63 MP: 8/8
  3885 | D:5      | Noticed Ijyb
  3890 | D:5      | Killed Ijyb
  3939 | D:5      | Reached skill level 5 in Axes
  3997 | D:5      | Reached skill level 8 in Armour
  4057 | D:5      | Reached *** piety under Nemelex Xobeh
  4057 | D:5      | Received a gift from Nemelex Xobeh
  4270 | D:5      | Reached XP level 9. HP: 71/71 MP: 9/9
  4404 | D:6      | Noticed Blork the orc
  4406 | D:6      | Found a staircase to the Ecumenical Temple.
  4408 | D:6      | Killed Blork the orc
  4414 | D:6      | Reached skill level 9 in Armour
  4514 | D:6      | Identified the +2 robe of the Stars {rF+ Str+3 Dex+3}
  4555 | D:6      | Received a gift from Nemelex Xobeh
  4675 | D:6      | Noticed Menkaure
  4682 | D:6      | Reached skill level 10 in Armour
  4682 | D:6      | Killed Menkaure
  4709 | D:6      | Reached XP level 10. HP: 74/80 MP: 10/10
  5018 | D:7      | Reached skill level 11 in Armour
  5027 | D:7      | Noticed Pikel
  5035 | D:7      | Killed Pikel
  5400 | D:7      | Received a gift from Nemelex Xobeh
  5497 | D:7      | Identified the ring "Ivoiblyev" {rElec rC+ MP+9 Str+3 SInv}
  5726 | D:7      | Found Vekug's Antique Armour Shop.
  5726 | D:7      | Found Xoaruiz's Antique Weapon Shop.
  5727 | D:7      | Found Ilyklam's Distillery.
  5738 | D:7      | Reached skill level 12 in Armour
  5741 | D:7      | Found Dygof's Assorted Antiques.
  5793 | D:7      | Noticed Prince Ribbit
  5798 | D:7      | Killed Prince Ribbit
  5865 | D:7      | Found a runed translucent door.
  5865 | D:7      | Noticed sigtrap's ghost (novice KoBr)
  6014 | D:7      | Reached **** piety under Nemelex Xobeh
  6243 | D:7      | Received a gift from Nemelex Xobeh
  6343 | D:7      | Killed sigtrap's ghost
  6344 | D:7      | Reached XP level 11. HP: 84/89 MP: 11/11
  6409 | D:7      | Bought a pair of crude boots for 323 gold pieces
  6409 | D:7      | Identified the +1 pair of boots of the Archfiend {rF+
                  | Str+3} (You bought it in a shop on level 7 of the Dungeon)
  6469 | D:8      | Found a stormy altar of Qazlal.
  6474 | D:8      | Found a white marble altar of Elyvilon.
  6474 | D:8      | Found an ornate altar of the Wu Jian Council.
  6476 | D:8      | Found a bloodstained altar of Trog.
  6651 | D:8      | Reached skill level 13 in Armour
  6703 | D:8      | Found a staircase to the Lair.
  6932 | D:8      | Noticed a two-headed ogre
  6938 | D:8      | Killed a two-headed ogre
  6939 | D:8      | Reached skill level 10 in Fighting
  6939 | D:8      | Reached skill level 5 in Shields
  6949 | D:8      | Noticed a manticore
  6958 | D:8      | Killed a manticore
  6962 | D:8      | Noticed a centaur warrior
  6965 | D:8      | HP: 4/90 [centaur warrior/arrow (10)]
  6966 | D:8      | Killed a centaur warrior
  7594 | D:9      | Reached skill level 14 in Armour
  7674 | D:9      | Noticed a deep elf pyromancer
  7682 | D:9      | Killed a deep elf pyromancer
  7683 | D:9      | Reached XP level 12. HP: 83/98 MP: 12/12
  8122 | D:9      | Found a runed translucent door.
  8124 | D:9      | Noticed sanboga's ghost (journeyman MiBe)
  8190 | D:9      | Received a gift from Nemelex Xobeh
  8231 | D:9      | Reached ***** piety under Nemelex Xobeh
  8709 | D:9      | Killed sanboga's ghost
  9116 | D:10     | Entered Level 10 of the Dungeon
  9158 | D:10     | Found a staircase to the Orcish Mines.
  9346 | D:10     | Received a gift from Nemelex Xobeh
  9535 | D:10     | Identified the +3 leather armour "Oniantear" {Drain rC+
                  | MP+9}
 10312 | D:11     | Noticed an eight-headed hydra
 10341 | D:11     | HP: 4/99 [11-headed hydra (7)]
 10341 | D:11     | Slain by an 11-headed hydra

Illustrated notes

Levels and vault maps discovered:
D:1:      dpeg_arrival_signposts, layout_rooms,
          shapermc_ecumenical_altar_mp_highgroup
D:2:      layout_loops_cross, serial_shops, shop
D:3:      layout_rooms, pf_just_have_faith, serial_park_tiny_pond
D:4:      layout_basic, minmay_misc_feat_tower, minmay_checkerbox
D:5:      layout_cave_pools, dk_vineyard_3, uniq_ijyb, uniq_eustachio
D:6:      layout_rooms, minmay_temple_entry_grid, uniq_blork_the_orc,
          uniq_menkaure
D:7:      layout_loops_ring, gammafunk_ghost_grave, minmay_shop_grid_forest,
          kennysheep_generic_room_2, uniq_pikel, uniq_prince_ribbit1
D:8:      layout_basic, mainiacjoe_overflow_alcove_3, erik_lair_island,
          minmay_manual_monolith
D:9:      layout_stronghold, gammafunk_ghost_grave
D:10:     layout_loops_corners, minmay_orc_entry_temple_small
D:11:     layout_loops_cross, uniq_sonja

Skill      XL: |  1  2  3  4  5  6  7  8  9 10 11 12 |
---------------+-------------------------------------+-----
Armour         | 4 5 6 7 8 10 12 14 | 14.6
Fighting       | 4 5 6 7 9 10 | 10.8
Axes           | 3 4 5 6 8 9 |  9.7
Shields        | 6 7 |  7.1

Action                   |  1- 3 |  4- 6 |  7- 9 | 10-12 || total
-------------------------+-------+-------+-------+-------++-------
Melee: War axe           |    95 |   132 |   114 |   367 ||   708
       Battleaxe         |       |       |       |    18 ||    18
Throw: Boomerang         |       |     1 |     2 |       ||     3
       Dart              |       |       |       |     2 ||     2
 Abil: Dig               |       |       |     5 |       ||     5
Evoke: Wand              |       |       |       |     9 ||     9
  Use: Scroll            |       |     9 |     4 |    14 ||    27
       Potion            |       |       |       |     6 ||     6
 Stab: Distracted        |       |       |       |     1 ||     1
Armor: Scale mail        |    67 |    30 |       |       ||    97
       Crystal plate arm |       |   101 |    83 |   433 ||   617
Dodge: Dodged            |    53 |    38 |    23 |   119 ||   233
Block: Buckler           |    36 |    29 |    22 |    60 ||   147
